 Dungeon Crawl Stone Soup version 0.24-a0-170-gd8427f5 (webtiles) character file.

Game seed: 17370446638191719403

63366 Dfrag the Fighter (level 14, 0/135 HPs)
             Began as a Deep Dwarf Necromancer on Mar 9, 2019.
             Was a High Priest of Makhleb.
             Shot with an arrow by a deep elf archer (19 damage)
             ... on level 1 of the Elven Halls.
             The game lasted 01:11:38 (29755 turns).

Dfrag the Fighter (Deep Dwarf Necromancer)         Turns: 29755, Time: 01:11:38

Health: 0/135      AC: 12    Str:  8    XL:     14   Next: 67%
Magic:  26/26      EV: 28    Int: 21    God:    Makhleb [*****.]
Gold:   974        SH:  0    Dex: 25    Spells: 16/32 levels left

rFire    . . .     SeeInvis .   O - +5 flail of Internal Strife {flame, +Rage Str-4 Dex+6}
rCold    . . .     Gourm    .   (no shield)
rNeg     + . .     Faith    .   Z - +3 troll leather armour {Snorg}
rPois    +         Spirit   .   k - +0 helmet
rElec    .         Reflect  .   Q - +0 cloak of Happy Babbling {rPois Regen+ Stlth+}
rCorr    .         Harm     .   (no gloves)
MR       ++...                  V - +2 pair of boots
Stlth    ++++......             A - amulet of the acrobat
HPRegen  0.00/turn              z - +6 ring of dexterity
MPRegen  0.20/turn              j - ring of poison resistance

@: acrobat, non-regenerating
A: damage resistance, heal wounds, deformed body, negative energy resistance 1,
sense surroundings 2, no regeneration
a: Heal Wounds, Minor Destruction, Lesser Servant of Makhleb, Major Destruction,
Greater Servant of Makhleb, Renounce Religion, Evoke Berserk Rage


You were on level 1 of the Elven Halls.
You worshipped Makhleb.
Makhleb was extremely pleased with you.
You were not hungry.

You visited 5 branches of the dungeon, and saw 23 of its levels.

You collected 2165 gold pieces.
You spent 1191 gold pieces at shops.

Inventory:

Hand Weapons
 O - the +5 flail of Internal Strife (weapon) {flame, +Rage Str-4 Dex+6}
   (You bought it in a shop on level 12 of the Dungeon)

   It has been specially enchanted to burn those struck by it, causing extra
   injury to most foes and up to half again as much damage against particularly
   susceptible opponents.
   It affects your strength (-4).
   It affects your dexterity (+6).
   It lets you go berserk.
Armour
 k - a +0 helmet (worn)
 u - a +2 robe of cold resistance
 Q - the +0 cloak of Happy Babbling (worn) {rPois Regen+ Stlth+}
   (You found it on level 11 of the Dungeon)

   It protects you from poison.
   It increases your rate of regeneration.
   It makes you more stealthy.
 U - the +3 hat of Pondering {ponderous, MR+ MP+10 Int+5}
   (You took it off Gastronok on level 12 of the Dungeon)

   It affects your intelligence (+5).
   It affects your resistance to hostile enchantments.
   It affects your magic capacity (+10).
 V - a +2 pair of boots (worn)
 Z - a +3 troll leather armour (worn) {Snorg}
Magical Staves
 P - an uncursed staff of energy
Jewellery
 g - a +4 ring of intelligence
 j - a ring of poison resistance (right hand)
 o - an uncursed amulet of the gourmand
 w - a +4 ring of dexterity
 z - a +6 ring of dexterity (left hand)
 A - an amulet of the acrobat (around neck)
Wands
 f - a wand of clouds (3)
 B - a wand of flame (7)
Scrolls
 b - a scroll of noise {unknown}
 d - 7 scrolls of teleportation
 e - 4 scrolls of enchant weapon
 i - 8 scrolls of remove curse
 m - 3 scrolls of fear
 p - 5 scrolls of enchant armour
 q - 3 scrolls of amnesia
 s - 3 scrolls of blinking
 y - 2 scrolls of silence {unknown}
 C - 2 scrolls of holy word {unknown}
 F - 3 scrolls of random uselessness {unknown}
 I - 3 scrolls of magic mapping
 K - 4 scrolls of fog {unknown}
 M - 3 scrolls of acquirement {unknown}
 N - 2 scrolls of immolation
 X - a scroll of torment {unknown}
Potions
 h - 3 potions of flight
 l - a potion of might
 n - 6 potions of curing
 x - a potion of mutation {unknown}
 D - a potion of brilliance {unknown}
 E - a potion of resistance {unknown}
 J - 2 potions of lignification
 L - 2 potions of degeneration {unknown}
 R - a potion of haste {unknown}
 T - 4 potions of cancellation {unknown}
 Y - 2 potions of invisibility {unknown}
Miscellaneous
 H - a lightning rod (3/4)
Comestibles
 c - 33 rations


   Skills:
 - Level 11.5 Fighting
   Level 1.3(5.0) Axes
   Level 6.3(6.4) Polearms
 - Level 6.4 Armour
 - Level 2.1 Dodging
 - Level 5.3 Stealth
 + Level 9.7 Spellcasting
 - Level 6.3 Conjurations
 + Level 8.7 Necromancy
 + Level 8.5 Ice Magic
 - Level 11.4 Invocations
 - Level 10.3 Evocations


You had 16 spell levels left.
You knew the following spells:

 Your Spells              Type           Power        Failure   Level  Hunger
a - Pain                  Necr           ####         1%          1    None
b - Vampiric Draining     Necr           #####.....   1%          3    None
c - Simulacrum            Ice/Necr       #####.....   38%         6    ######.
d - Bolt of Cold          Conj/Ice       #####.....   54%         6    ######.

Your spell library contained the following spells:

 Spells                   Type           Power        Failure   Level  Hunger
 Animate Skeleton         Necr           N/A          1%          1    None
 Animate Dead             Necr           N/A          2%          4    ##.....
 Beastly Appendage        Tmut           ##....       9%          1    None
 Summon Small Mammal      Summ           ##..         9%          1    None
 Call Imp                 Summ           ##......     14%         2    None
 Sticks to Snakes         Tmut           ##......     14%         2    None
 Ice Form                 Ice/Tmut       ####....     16%         4    ##.....
 Summon Ice Beast         Ice/Summ       ####....     16%         4    ##.....
 Call Canine Familiar     Summ           ##......     26%         3    None
 Spider Form              Tmut/Pois      ##........   26%         3    None
 Summon Guardian Golem    Hex/Summ       ##......     26%         3    None
 Ozocubu's Refrigeration  Ice            #####.....   38%         6    ######.
 Metabolic Englaciation   Hex/Ice        ####......   41%         5    ####...
 Summon Lightning Spire   Summ/Air       ##......     65%         4    ##.....
 Freezing Cloud           Conj/Ice/Air   ####......   88%         6    ######.
 Blade Hands              Tmut           ##........   94%         5    ####...
 Regeneration             Chrm/Necr      Unusable     N/A         3    N/A

Dungeon Overview and Level Annotations

Branches:
Dungeon (12/15)            Temple (1/1) D:5            Lair (6/6) D:10
 Shoals (0/4) Lair:3       Spider (0/4) Lair:4        Slime (0/5) Lair:6
    Orc (2/2) D:11            Elf (2/3) Orc:2

Altars:
Cheibriados
Dithmenos
Elyvilon
Fedhas
Hepliaklqana
Kikubaaqudgha
Makhleb
Qazlal
Ru
Vehumet
Wu Jian
Yredelemnul
Zin
Beogh
Jiyva

Shops:
D:9 }   D:12 [(}*:   Orc:2 *(:[

Annotations:
Lair:2 exclusion: 2 oklob plants
Orc:2 2 runed translucent doors, exclusion: orange crystal statue
Elf:1 Asterion


Innate Abilities, Weirdness & Mutations

You are resistant to damage.
You can heal yourself by infusing magical energy.
You resist negative energy. (rN+)
You passively map the area around you.
You do not regenerate.
Armour fits poorly on your strangely shaped body.


Message History

You start waiting.
You feel a little less mighty now.
You recover from your berserk rage.
Asterion is too close now for your liking.
Asterion is nearby!
Asterion bellows!
A +6 long sword of electrocution comes into view.
You see here 21 stones.
You start waiting.
A deep elf mage comes into view. It is wielding a +0 short sword.
There is a stone staircase leading down here.
You start waiting.
The +6 long sword of electrocution is too close now for your liking.
There is a stone staircase leading down here.
You see here a +3 vampiric long sword.
A deep elf archer comes into view. It is wielding a +0 short sword.
The deep elf archer unwields a +0 short sword.
The deep elf archer wields a +0 shortbow.
The deep elf archer shoots an arrow.
The arrow hits you!!
You die...

# # # ######### ##
#.......# ########
#.#####.# #.......
#.#####.###..###..
#.##........## ##)
#@##.##.###.# #>
#.......# #.# ##.
##...#### #..###..
#.### #....... #.#
######## .# * **
,.. * ,, e# , , ,,
, * , , .


You could see a deep elf archer.

Vanquished Creatures
  Gastronok (D:12)
  2 orc warlords
  Harold (D:11)
  2 catoblepae (Lair:6)
  A two-headed ogre (Orc:2)
  A dancing weapon (Elf:1)
  10 death yaks
  3 orc high priests (Orc:2)
  2 deep elf magi (Elf:1)
  4 orc knights
  3 ugly things
  A cyclops (Orc:1)
  6 orc sorcerers
  4 manticores
  A centaur zombie (D:11)
  2 elephants (Lair:6)
  7 black mambas
  2 torpor snails
  3 rime drakes
  10 spiny frogs
  3 komodo dragons
  A queen bee (Lair:4)
  3 meliai (Lair:4)
  13 trolls
  Grinder (D:6)
  4 dream sheep (Lair:2)
  2 blink frogs (Lair:4)
  8 hippogriffs
  A spriggan (D:9)
  50 yaks
  5 wyverns
  5 wargs
  9 water moccasins
  3 black bears
  3 ice beasts
  24 orc warriors
  9 porcupines
  A sky beast (D:10)
  A swamp drake (D:10)
  11 ogres
  A phantom (D:6)
  12 centaurs
  12 crocodiles
  21 wolves
  3 big kobolds
  19 bullfrogs
  Blork the orc (D:5)
  3 scorpions
  31 killer bees
  9 wights
  4 howler monkeys
  3 electric eels
  5 crimson imps
  A bullfrog zombie (D:11)
  10 orc priests
  A bullfrog skeleton (D:5)
  3 jellies
  5 hounds
  A centaur skeleton (D:9)
  4 iguanas
  23 orc wizards
  Ijyb (D:3)
  6 hell rats (Lair:4)
  8 worker ants
  A hound zombie (D:8)
  A hound skeleton (D:11)
  Robin (D:2)
  A worker ant zombie (D:11)
  12 adders
  2 river rats (Lair:4)
  A shadow imp (D:8)
  An adder skeleton (D:4)
  5 worms
  4 dart slugs
  59 orcs
  A ball python (D:1)
  10 bats
  7 giant cockroaches
  22 goblins
  10 hobgoblins
  16 jackals
  4 quokkas
  5 frilled lizards
  22 kobolds
  A leopard gecko skeleton (D:6)
  A leopard gecko zombie (D:5)
  A quokka skeleton (D:7)
  11 rats
  2 butterflies (Lair:4)
  A fungus (Lair:6)
612 creatures vanquished.

Vanquished Creatures (collateral kills)
  Snorg (Lair:5)
  A hydra (Lair:6)
  A catoblepas (Lair:6)
  2 death yaks
  3 elephants (Lair:6)
  2 rime drakes
  A komodo dragon (Lair:6)
  3 blink frogs (Lair:5)
  A hippogriff (Lair:6)
  4 yaks (Lair:6)
  A water moccasin (Lair:6)
  2 crocodiles (Lair:6)
  A bullfrog (Lair:5)
23 creatures vanquished.

Vanquished Creatures (others)
  An orc wizard (Orc:1)
  38 fungi
  31 plants
70 creatures vanquished.

Grand Total: 705 creatures vanquished

Notes
Turn   | Place    | Note
-------+----------+-------------------------------------------
     0 | D:1      | Dfrag the Deep Dwarf Necromancer began the quest for the
                  | Orb.
     0 | D:1      | Reached XP level 1. HP: 15/15 MP: 3/3
   164 | D:1      | Reached XP level 2. HP: 14/22 MP: 0/5
   676 | D:1      | Reached XP level 3. HP: 9/28 MP: 0/7
   954 | D:1      | Learned a level 3 spell: Vampiric Draining
  1501 | D:2      | Noticed Robin
  1605 | D:2      | Reached skill level 5 in Necromancy
  1605 | D:2      | Reached XP level 4. HP: 13/36 MP: 1/8
  1606 | D:2      | Killed Robin
  2548 | D:3      | Reached XP level 5. HP: 35/42 MP: 1/10
  3402 | D:3      | Noticed Ijyb
  3411 | D:3      | Killed Ijyb
  3707 | D:4      | Reached XP level 6. HP: 24/49 MP: 0/12
  3859 | D:4      | HP: 2/50 [ogre/cursed -1 giant club (30)]
  3865 | D:4      | Reached skill level 1 in Fighting
  4100 | D:4      | Reached XP level 7. HP: 38/61 MP: 6/13
  4425 | D:5      | Entered Level 5 of the Dungeon
  4456 | D:5      | Reached skill level 5 in Stealth
  4608 | D:5      | Found a staircase to the Ecumenical Temple.
  4650 | Temple   | Entered the Ecumenical Temple
  4655 | Temple   | Became a worshipper of Makhleb the Destroyer
  4714 | D:5      | Reached skill level 1 in Evocations
  4952 | D:5      | Noticed Blork the orc
  4962 | D:5      | Killed Blork the orc
  5545 | D:6      | Reached XP level 8. HP: 58/73 MP: 1/14
  5830 | D:6      | Reached skill level 5 in Evocations
  5846 | D:6      | Reached skill level 5 in Fighting
  6046 | D:6      | Found a blossoming altar of Fedhas.
  6061 | D:6      | Noticed Grinder
  6093 | D:6      | Killed Grinder
  6378 | D:7      | Reached * piety under Makhleb
  6870 | D:7      | Gained mutation: You passively map the area around you.
                  | [Deep Dwarf growth]
  6870 | D:7      | Reached XP level 9. HP: 45/85 MP: 13/15
  7014 | D:7      | Found a sacrificial altar of Ru.
  7098 | D:7      | Reached skill level 1 in Polearms
  7832 | D:8      | Reached ** piety under Makhleb
  8540 | D:9      | Noticed a troll
  8554 | D:9      | Killed a troll
  8554 | D:9      | Reached skill level 5 in Polearms
  8554 | D:9      | Reached XP level 10. HP: 94/98 MP: 2/16
  9116 | D:9      | Found Ryramm's Gadget Shoppe.
  9360 | D:10     | Entered Level 10 of the Dungeon
  9360 | D:10     | Found a hazy altar of Hepliaklqana.
  9411 | D:10     | Reached *** piety under Makhleb
  9682 | D:10     | Reached skill level 1 in Invocations
  9863 | D:10     | Found a staircase to the Lair.
 10665 | D:11     | Noticed a green ugly thing
 10688 | D:11     | Reached skill level 10 in Fighting
 10689 | D:11     | Reached skill level 5 in Invocations
 10696 | D:11     | Killed a green ugly thing
 10696 | D:11     | Reached XP level 11. HP: 64/109 MP: 8/17
 11019 | D:11     | Noticed Harold
 11024 | D:11     | Killed Harold
 11044 | D:11     | Reached **** piety under Makhleb
 11108 | D:11     | Found a staircase to the Orcish Mines.
 11131 | D:11     | Got an ancient cloak
 11132 | D:11     | Identified the +0 cloak of Happy Babbling {rPois Regen+
                  | Stlth+} (You found it on level 11 of the Dungeon)
 11192 | D:11     | Reached skill level 1 in Axes
 11356 | D:11     | Noticed a brown ugly thing
 11366 | D:11     | Killed a brown ugly thing
 11366 | D:11     | Reached skill level 1 in Armour
 11658 | D:12     | Found Zaath's Antique Weapon Boutique.
 11662 | D:12     | Bought an encrusted flail for 289 gold pieces
 11662 | D:12     | Identified the +5 flail of Internal Strife {flame, +Rage
                  | Str-4 Dex+6} (You bought it in a shop on level 12 of the
                  | Dungeon)
 11669 | D:12     | Noticed a brown ugly thing
 11681 | D:12     | Killed a white ugly thing
 11751 | D:12     | Found Lotuan's Armour Emporium.
 12017 | D:12     | Found Nausm's Demolitions Depot.
 12067 | D:12     | Noticed Gastronok
 12100 | D:12     | Found Feazouh's Book Shoppe.
 12324 | D:12     | Found Neodydod's Gadget Emporium.
 12486 | D:12     | Killed Gastronok
 12486 | D:12     | Reached skill level 10 in Evocations
 12727 | Lair:1   | Entered Level 1 of the Lair of Beasts
 13557 | Lair:1   | Found a glowing silver altar of Zin.
 14143 | Lair:1   | Reached XP level 12. HP: 42/120 MP: 6/19
 14435 | Lair:2   | Reached skill level 5 in Armour
 14882 | Lair:2   | Reached skill level 5 in Spellcasting
 14896 | Lair:2   | Reached ***** piety under Makhleb
 16034 | Lair:2   | Learned a level 6 spell: Simulacrum
 16214 | Lair:3   | Reached skill level 1 in Ice Magic
 16573 | Lair:3   | Found a staircase to the Shoals.
 17685 | Lair:4   | Learned a level 6 spell: Bolt of Cold
 17760 | Lair:4   | Found a hole to the Spider Nest.
 18092 | Lair:4   | Noticed a death yak
 18321 | D:12     | Bought a lightning rod (4/4) for 640 gold pieces
 18589 | Lair:4   | Reached skill level 1 in Conjurations
 19296 | Lair:4   | Reached XP level 13. HP: 83/127 MP: 11/22
 19779 | Lair:4   | Reached skill level 5 in Ice Magic
 20145 | Lair:5   | Noticed Snorg
 20178 | Lair:5   | Killed Snorg
 21030 | Lair:6   | Entered Level 6 of the Lair of Beasts
 21440 | Lair:6   | Reached skill level 10 in Invocations
 22142 | Lair:6   | Noticed a cacodemon
 22143 | Lair:6   | Gained mutation: Armour fits poorly on your strangely
                  | shaped body. [a cacodemon]
 22530 | Lair:6   | Found a staircase to the Slime Pits.
 22532 | Lair:6   | Found a viscous altar of Jiyva.
 23725 | Lair:6   | Reached skill level 5 in Conjurations
 24091 | Lair:6   | Gained mutation: You resist negative energy. (rN+) [Deep
                  | Dwarf growth]
 24091 | Lair:6   | Reached XP level 14. HP: 114/135 MP: 3/25
 24741 | Lair:6   | Got a translucent scythe
 24742 | Lair:6   | Identified the cursed +0 scythe of Imminent Death {pain,
                  | rF+ rC- Str+3} (You found it on level 6 of the Lair of
                  | Beasts)
 25038 | Orc:1    | Entered Level 1 of the Orcish Mines
 25047 | Orc:1    | Noticed an orc warlord
 25077 | Orc:1    | Killed an orc warlord
 26373 | Orc:2    | Entered Level 2 of the Orcish Mines
 26488 | Orc:2    | Found a staircase to the Elven Halls.
 27450 | Orc:2    | Noticed an orc warlord
 27571 | Orc:2    | Found Niron's Antique Weapon Shop.
 27590 | Orc:2    | Paralysed by an orc sorcerer for 7 turns
 28154 | Orc:2    | Found a runed translucent door.
 28161 | Orc:2    | Found the +10 large shield of Ignorance {rN+ Int-4}
 28408 | Orc:2    | Found Cuga's General Store.
 28433 | Orc:2    | Bought a potion of lignification for 45 gold pieces
 28513 | Orc:2    | Found a roughly hewn altar of Beogh.
 28651 | Orc:2    | Found Dauduasy's Book Shoppe.
 28653 | Orc:2    | Found a runed translucent door.
 28731 | Orc:2    | Killed an orc warlord
 28907 | Orc:2    | Found Bem Wedee's Antique Armour Shop.
 29186 | Orc:2    | Bought a scorched leather armour for 217 gold pieces
 29196 | Orc:2    | Identified the +0 leather armour of the Bagpipe {rF- Regen+
                  | Slay+6 SInv} (You bought it in a shop on level 2 of the
                  | Orcish Mines)
 29361 | Elf:1    | Entered Level 1 of the Elven Halls
 29546 | Elf:1    | Noticed Asterion
 29755 | Elf:1    | Shot with an arrow by a deep elf archer

Levels and vault maps discovered:
D:1:      giann_wishing_wells, layout_basic
D:2:      layout_basic, first_ration, uniq_robin
D:3:      layout_basic, uniq_ijyb
D:4:      layout_rooms, serial_glass, glass_columns_c, glass_columns_a,
          feat_on_display, feat_on_display, item_on_display_a, item_on_display_b
D:5:      layout_loops_ring, minmay_temple_entry_wispy, minmay_misc_feat_tower,
          uniq_blork_the_orc
D:6:      layout_gridville, st_stairs_6, fedhas_altar_3, uniq_grinder
D:7:      layout_loops_corners, lemuel_crystal_altar,
          minmay_fractal_squares_diagonal_5
D:8:      layout_basic, minmay_misc_feat_more_columns
D:9:      layout_cave_pods, serial_shops, shop_statue, the_bakery
D:10:     layout_basic, erik_lair_dragon, basic_altar
D:11:     layout_rooms, orc_0_dummy, uniq_harold
D:12:     layout_loops_ring, serial_shops, nicolae_shop_window_shopping,
          nicolae_shop_statue_plus, nicolae_shop_trees, shop,
          nicolae_blasting_shop, uniq_gastronok
Temple:   compressed_dpeg_triangle_lava_temple
Lair:1:   layout_gridlike, basic_altar, lemuel_fruit_tree
Lair:2:   layout_gridlike, minmay_lair_oklob_chamber
Lair:3:   layout_long_grid, minmay_shoals_entry_beasts
Lair:4:   regret_index_wax_grids, layout_regular_city, dummy_spider_entry,
          beast_lair_carwin_11, lemuel_fruit_fields
Lair:5:   layout_cave_pods, grunt_megastairs_2, uniq_snorg
Lair:6:   evilmike_catoblepas_cave, layout_regular_city, slime_altar_1,
          serial_bayou_shore_a, serial_bayou_shore_b
Orc:1:    layout_diamond_mine, serial_shops, mines_bat_river
Orc:2:    grunt_orc_gardens, layout_diamond_mine, grunt_orc_garden,
          grunt_orc_garden, grunt_orc_garden, grunt_orc_garden, special_room,
          basic_altar, chequers_guarded_unrand_ignorance
Elf:1:    layout_loops_cross, kennysheep_underground_church, uniq_asterion
Elf:2:    layout_loops_corners, serial_shops, bzr_in_the_mist, uniq_nikola,
          uniq_roxanne, uniq_saint_roka

Skill      XL: |  1  2  3  4  5  6  7  8  9 10 11 12 13 14 |
---------------+-------------------------------------------+-----
Spellcasting   | 2 3 4 7 8 9 |  9.7
Necromancy     | 5 7 8 |  8.7
Fighting       | 2 4 6 8 10 11 | 11.5
Stealth        | 4 5 |  5.3
Evocations     | 4 7 8 10 | 10.3
Polearms       | 5 6 |  6.3
Invocations    | 5 7 11 | 11.4
Axes           | 1 |  1.3
Armour         | 4 6 |  6.4
Ice Magic      | 4 6 8 |  8.5
Conjurations   | 2 5 6 |  6.3
Dodging        | |  2.1

Action                   |  1- 3 |  4- 6 |  7- 9 | 10-12 | 13-15 || total
-------------------------+-------+-------+-------+-------+-------++-------
Melee: Unarmed           |    55 |       |       |       |       ||    55
       Dagger            |    15 |    57 |       |       |       ||    72
       Club              |       |    16 |    64 |       |       ||    80
       Trident           |       |       |   107 |   176 |       ||   283
       Flail             |       |       |       |   182 |   497 ||   679
 Cast: Pain              |    68 |    29 |    54 |    79 |   132 ||   362
       Vampiric Draining |     5 |    56 |    89 |   257 |   375 ||   782
Invok: Major Destruction |       |       |       |     1 |       ||     1
       Greater Servant o |       |       |       |       |     6 ||     6
 Abil: Heal Wounds       |     2 |     1 |       |     1 |     1 ||     5
       Evoke Berserk Rag |       |       |       |       |     1 ||     1
Evoke: Wand              |       |     2 |    17 |    32 |    57 ||   108
       Lightning rod     |       |       |       |     4 |    15 ||    19
       Phantom mirror    |       |       |       |     1 |       ||     1
  Use: Scroll            |       |       |     7 |    11 |    10 ||    28
       Potion            |       |       |       |     2 |     6 ||     8
 Stab: Sleeping          |       |       |     8 |     3 |     1 ||    12
       Paralysed         |       |       |       |     5 |    21 ||    26
       Distracted        |       |       |       |       |     1 ||     1
  Eat: Chunk             |     3 |    23 |    19 |    30 |    27 ||   102
       Ration            |       |       |       |     2 |     2 ||     4
Armor: Robe              |    26 |    15 |    58 |   182 |    74 ||   355
       Troll leather arm |       |       |       |       |   295 ||   295
       Skin              |       |       |       |       |    16 ||    16
Dodge: Dodged            |    70 |    59 |   171 |   437 |   816 ||  1553

Table legend:
 A = Non-vault XP
 B = Vault XP
 C = Vault XP percentage of total XP
 D = Non-vault monster count
 E = Vault monster count
 F = Vault count percentage of total count
                 A         B        C        D         E       F
            +---------+---------+-------+---------+---------+-------
      Total |   55715 |   34809 |  38.5 |     497 |     136 |  21.5
            +---------+---------+-------+---------+---------+-------
        D:1 |      61 |       0 |   0.0 |      34 |       0 |   0.0
        D:2 |      56 |      38 |  40.4 |      17 |      12 |  41.4
        D:3 |     146 |      36 |  19.8 |      30 |       1 |   3.2
        D:4 |     444 |       0 |   0.0 |      18 |       0 |   0.0
        D:5 |     234 |      91 |  28.0 |       8 |       1 |  11.1
        D:6 |     839 |     407 |  32.7 |      24 |       2 |   7.7
        D:7 |    1229 |     110 |   8.2 |      24 |       3 |  11.1
        D:8 |    1629 |       0 |   0.0 |      28 |       0 |   0.0
        D:9 |    1645 |     215 |  11.6 |      21 |       1 |   4.5
       D:10 |    1071 |     738 |  40.8 |      10 |       4 |  28.6
       D:11 |    5527 |    1023 |  15.6 |      51 |       1 |   1.9
       D:12 |    2505 |    2276 |  47.6 |      15 |       1 |   6.2
     Lair:1 |    2108 |       0 |   0.0 |      12 |       0 |   0.0
     Lair:2 |    5222 |     299 |   5.4 |      28 |       2 |   6.7
     Lair:3 |    3081 |     734 |  19.2 |      17 |       2 |  10.5
     Lair:4 |    1882 |    7482 |  79.9 |      14 |      49 |  77.8
     Lair:5 |    3758 |     786 |  17.3 |      21 |       2 |   8.7
     Lair:6 |   11316 |   10392 |  47.9 |      41 |      23 |  35.9
      Orc:1 |    7728 |     165 |   2.1 |      54 |       6 |  10.0
      Orc:2 |    3208 |   10017 |  75.7 |      27 |      26 |  49.1
      Elf:1 |    2026 |       0 |   0.0 |       3 |       0 |   0.0
            +---------+---------+-------+---------+---------+-------
